 Dungeon Crawl Stone Soup version 0.31.0-9-g3a7656b989 (webtiles) character file.

Game seed: 15325046289136224501

2608 qw the Skirmisher (level 9, -4/74 HPs)
             Began as a Demigod Hunter on Feb 2, 2024.
             Slain by a killer bee (8 damage)
             ... on level 7 of the Dungeon.
             The game lasted 00:00:31 (4738 turns).

qw the Skirmisher (Demigod Hunter)                  Turns: 4738, Time: 00:00:32

Health: -4/74      AC: 11    Str: 12    XL:     9   Next: 12%
Magic:  11/11      EV: 14    Int: 11    God:
Gold:   124        SH:  0    Dex: 29    Spells: 8/8 levels left

rFire   + . .        o - +0 orcbow
rCold   + + +        (shield currently unavailable)
rNeg    . . .        n - +2 ring mail {rF+}
rPois   .            b - +2 hat of Trumpets {^Drain Regen+ rCorr Slay+3}
rElec   .            (no cloak)
rCorr   +            m - +1 pair of gloves of Defiance {rC+++ Will- Stlth-}
SInv    +            (no boots)
Will    .....        g - amulet of regeneration
Stlth   +            k - ring of see invisible
HPRegen 1.92/turn    (no ring)
MPRegen 0.12/turn

%: no passive effects
@: lethally poisoned (-4 -> -8), about to teleport
A: high MP 1, forlorn, divine attributes
a: no special abilities


You were on level 7 of the Dungeon.
You visited 1 branch of the dungeon, and saw 7 of its levels.

You collected 314 gold pieces.
You spent 190 gold pieces at shops.


Innate Abilities, Weirdness & Mutations

You have an increased reservoir of magic. (+10% MP)
You shall have no god before yourself.
Your divine heritage dramatically boosts your attributes as you level up.


   Skills:
 - Level 5.0 Fighting
 + Level 9.5 Ranged Weapons
 - Level 3.6 Armour
 - Level 5.0 Dodging
 - Level 0.8 Stealth


You had 8 spell levels left.
You didn't know any spells.
Your spell library was empty.

Inventory:

Hand Weapons
 o - a +0 orcbow (weapon)
Armour
 b - the +2 hat of Trumpets (worn) {^Drain Regen+ rCorr Slay+3}
   (You acquired it on level 4 of the Dungeon)

   Slay+3:    It affects your accuracy & damage with ranged weapons and melee
   (+3).
   Regen+:    It increases your rate of health regeneration.
   rCorr:     It protects you from acid and corrosion.
   ^Drain:    It drains your maximum health when unequipped.
 e - a +3 leather armour
 m - the +1 pair of gloves of Defiance (worn) {rC+++ Will- Stlth-}
   (You acquired it on level 6 of the Dungeon)

   rC+++:     It renders you almost immune to cold.
   Will-:     It decreases your willpower.
   Stlth-:    It makes you less stealthy.
 n - a +2 ring mail of fire resistance (worn)
Jewellery
 g - an amulet of regeneration (around neck)
 k - a ring of see invisible (left hand)
Wands
 i - a wand of charming (10)
 l - a wand of flame (25)
Scrolls
 h - a scroll of teleportation
Potions
 a - a potion of brilliance {unknown}
 c - a potion of might
 d - 2 potions of mutation
 f - 2 potions of curing
 j - a potion of resistance

Dungeon Overview and Level Annotations

Branches:
Dungeon (7/15)
 Temple: D:4-7

Shops:
D:1 *   D:3 (   D:5 *

Annotations:
D:1 exclusion: hobgoblin


Message History

You are more poisoned.
The killer bee poisons you! The killer bee closely misses you.
The killer bee misses you.
You shoot an arrow. The arrow barely misses the killer bee.
You feel very sick.
The killer bee stings you but does no damage. x2
The killer bee misses you. The killer bee stings you.
You are more poisoned.
The killer bee poisons you!
The killer bee stings you but does no damage.
The killer bee closely misses you.
You shoot an arrow. The arrow misses the killer bee.
You feel very sick. The killer bee stings you.
The killer bee stings you but does no damage.
The killer bee barely misses you. x2; The killer bee stings you. x2
The killer bee closely misses you. x2
You shoot an arrow.
The arrow closely misses the killer bee.
You feel very sick. The killer bee stings you.
You are more poisoned.
The killer bee poisons you!
The killer bee stings you but does no damage.
The killer bee stings you. The killer bee misses you.
The killer bee stings you. The killer bee closely misses you.
The killer bee barely misses you.
4737 ||| READING 2 scrolls of teleportation.
As you read the scroll of teleportation, it crumbles to dust.
You feel strangely unstable.
You feel very sick. The killer bee closely misses you.
The killer bee stings you.
You are more poisoned.
The killer bee poisons you!
The killer bee stings you but does no damage.
The killer bee barely misses you. x2; The killer bee stings you.
You shoot an arrow. The arrow hits the killer bee!
The killer bee is heavily wounded.
You feel very sick. The killer bee stings you!
You die...

#.....# ....#
##.....#..##...# #
#.....##..##...# .#
#.....#....#...# K.#
#...).#....#...# K.#
#...<.#....#...# ...#
#.....#....#KK.#....#
#...).#....#yK.'....#
#.....#....@yyK#....#
##..)).#...##yK.#
...#
#.....##...###### ..#
#.....#.........# .#
#.....).........# #
#.....#.........#
#.....#.........+
#.....#....##...#
#.....#....##...#


You could see 4 killer bees and 5 kobolds.

Vanquished Creatures
  Sigmund (D:3)
  An orc warrior (D:7)
  An ice beast (D:6)
  2 elephant zombies (D:6)
  A centaur (D:7)
  2 ogres (D:6)
  A phantom (D:6)
  Blork the orc (D:6)
  3 scorpions
  An elf zombie (D:6)
  3 wights (D:6)
  A killer bee (D:7)
  A howler monkey (D:3)
  A bombardier beetle (D:4)
  4 hounds
  2 human zombies (D:6)
  3 jellies
  9 orc priests
  4 iguanas
  A sleepcap (D:4)
  4 scorpion zombies (D:6)
  6 orc wizards
  An ogre zombie (D:6)
  A howler monkey zombie (D:6)
  Robin (D:4)
  7 adders
  3 gnolls (D:7)
  4 adder zombies (D:6)
  A ribbon worm (D:3)
  24 orcs
  6 ball pythons
  3 endoplasms
  4 giant cockroaches
  16 goblins
  11 hobgoblins
  7 jackals
  A quokka (D:5)
  4 bats
  A frilled lizard (D:2)
  11 kobolds
  2 rats
161 creatures vanquished.

Notes
Turn   | Place    | Note
-------+----------+-------------------------------------------
     0 | D:1      | qw the Demigod Hunter began the quest for the Orb.
     0 | D:1      | Reached XP level 1. HP: 17/17 MP: 3/3
     0 | D:1      | 0 ||| qw: Version: 0.3-a-155-g5e7d8dd
     0 | D:1      | 0 ||| qw: Game counter: 179
     0 | D:1      | 0 ||| qw: Melee chars always use a shield: true
     0 | D:1      | 0 ||| qw: God list: Okawaru
     0 | D:1      | 0 ||| qw: Allow faded altars: false
     0 | D:1      | 0 ||| qw: Do Orc after clearing Dungeon:15 true
     0 | D:1      | 0 ||| qw: Do second Lair branch before Depths: true
     0 | D:1      | 0 ||| qw: Lair rune preference: random
     0 | D:1      | 0 ||| qw: Goals: Normal
     0 | D:1      | 0 ||| PLANNING D:1-11
    88 | D:1      | Reached skill level 4 in Ranged Weapons
   302 | D:1      | Reached XP level 2. HP: 24/24 MP: 4/4
   318 | D:1      | Found Boulocukk's General Store.
   322 | D:1      | 322 ||| SHOPLISTING +3 leather armour of Xuggosch {rC+
                  | Str+4} (433 gold, have 36).
   322 | D:1      | 322 ||| SHOPLISTING 2 potions of heal wounds (110 gold,
                  | have 36).
   322 | D:1      | 322 ||| BUYING scroll of teleportation (33 gold).
   322 | D:1      | Bought a scroll of teleportation for 33 gold pieces
   862 | D:1      | 862 ||| UPGRADING to +0 ring mail.
   872 | D:1      | 872 ||| DROPPING +0 leather armour.
   873 | D:1      | 873 ||| UPGRADING to amulet of regeneration.
   878 | D:1      | 878 ||| READING 3 scrolls labelled DUC VETIEM.
   878 | D:1      | 878 ||| IDENTIFYING green potion
   879 | D:1      | 879 ||| READING 2 scrolls of identify.
   879 | D:1      | 879 ||| IDENTIFYING fizzy dark potion
   880 | D:1      | 880 ||| READING scroll of identify.
   880 | D:1      | 880 ||| IDENTIFYING scroll labelled WESUEM MOSURPHA
   881 | D:1      | 881 ||| DROPPING scroll of butterflies.
   882 | D:1      | 882 ||| DROPPING scroll of silence.
   987 | D:2      | Reached XP level 3. HP: 29/29 MP: 5/5
  1214 | D:2      | Reached skill level 5 in Ranged Weapons
  1361 | D:2      | 1361 ||| UPGRADING to +0 pair of gloves.
  1366 | D:2      | 1366 ||| READING 2 scrolls of identify.
  1366 | D:2      | 1366 ||| IDENTIFYING red potion
  1367 | D:2      | 1367 ||| READING scroll of identify.
  1367 | D:2      | 1367 ||| IDENTIFYING scroll labelled DASHRU ZUTOGU
  1368 | D:2      | 1368 ||| READING scroll of enchant weapon.
  1368 | D:2      | 1368 ||| ENCHANTING +0 shortbow.
  1369 | D:2      | 1369 ||| READING scroll labelled CEQISA GELL.
  1370 | D:2      | 1370 ||| READING scroll labelled VAVVEROWNU.
  1371 | D:2      | 1371 ||| READING scroll labelled WETITA VAACK.
  1372 | D:2      | 1372 ||| DROPPING potion of lignification.
  1442 | D:3      | Found Qiutt's Weapon Emporium.
  1588 | D:3      | Noticed Sigmund
  1595 | D:3      | 1595 ||| RETREEEEATING.
  1597 | D:3      | 1597 ||| DRINKING 2 potions of curing.
  1597 | D:3      | 1597 ||| (to cure confusion)
  1604 | D:3      | Killed Sigmund
  1605 | D:3      | Reached skill level 3 in Armour
  1605 | D:3      | Reached XP level 4. HP: 35/36 MP: 6/6
  1605 | D:3      | Reached XP level 5. HP: 40/41 MP: 7/7
  1968 | D:3      | 1968 ||| READING scroll labelled ACREAS OSAGGEDGH.
  2069 | D:3      | 2069 ||| READING scroll labelled WEK JIXZADGH.
  2098 | D:4      | Noticed Robin
  2116 | D:4      | HP: 6/41 [Robin/+0 trident (5)]
  2117 | D:4      | 2117 ||| READING 4 scrolls of teleportation.
  2121 | D:4      | Killed Robin
  2122 | D:4      | 2122 ||| READING 3 scrolls of teleportation.
  2123 | D:4      | HP: 6/41 [orc priest/+0 short sword (1)]
  2231 | D:4      | Reached XP level 6. HP: 41/48 MP: 8/8
  2265 | D:4      | Reached skill level 6 in Ranged Weapons
  2545 | D:4      | Noticed a blizzard demon
  2548 | D:4      | Noticed an orange demon
  2548 | D:4      | Noticed a hellwing
  2706 | D:4      | Reached skill level 3 in Fighting
  2717 | D:4      | 2717 ||| UPGRADING to +0 helmet.
  2722 | D:4      | 2722 ||| UPGRADING to ring of see invisible.
  2723 | D:4      | 2723 ||| READING 2 scrolls of identify.
  2723 | D:4      | 2723 ||| IDENTIFYING sapphire potion
  2724 | D:4      | 2724 ||| READING scroll of identify.
  2724 | D:4      | 2724 ||| IDENTIFYING scroll labelled RUCOTO QIHOI
  2724 | D:4      | Identified a scroll of acquirement
  2725 | D:4      | 2725 ||| READING scroll of acquirement.
  2725 | D:4      | 2725 ||| ACQUIRING +2 hat of Trumpets {^Drain Regen+ rCorr
                  | Slay+3}
  2725 | D:4      | Acquired the +2 hat of Trumpets {^Drain Regen+ rCorr
                  | Slay+3}
  2727 | D:4      | 2727 ||| UPGRADING to +2 hat of Trumpets {^Drain Regen+
                  | rCorr Slay+3}.
  2737 | D:4      | 2737 ||| DROPPING +0 helmet.
  2765 | D:5      | Entered Level 5 of the Dungeon
  2814 | D:5      | Found Taopt's Assorted Antiques.
  2817 | D:5      | 2817 ||| BUYING brown potion (21 gold).
  2817 | D:5      | Bought a brown potion for 21 gold pieces
  2817 | D:5      | 2817 ||| BUYING glowing robe (88 gold).
  2817 | D:5      | Bought a glowing robe for 88 gold pieces
  2817 | D:5      | 2817 ||| SHOPLISTING masterwork leather armour (168 gold,
                  | have 83).
  2817 | D:5      | 2817 ||| BUYING scroll of identify (48 gold).
  2817 | D:5      | Bought a scroll of identify for 48 gold pieces
  2868 | D:5      | Reached XP level 7. HP: 57/57 MP: 9/9
  2883 | D:5      | Reached skill level 3 in Dodging
  3197 | D:5      | Identified the +0 robe of the Doomed God {rF+}
  3212 | D:5      | Identified the +6 flail "Duniz" {venom, rElec Will+ Dex+3}
  3253 | D:5      | Reached skill level 7 in Ranged Weapons
  3436 | D:5      | 3436 ||| UPGRADING to +0 robe of fire resistance.
  3446 | D:5      | 3446 ||| DROPPING +0 robe of the Doomed God {rF+}.
  3447 | D:5      | 3447 ||| READING 3 scrolls of identify.
  3447 | D:5      | 3447 ||| IDENTIFYING metallic orange potion
  3448 | D:5      | 3448 ||| READING 2 scrolls of identify.
  3448 | D:5      | 3448 ||| IDENTIFYING 2 brown potions
  3449 | D:5      | 3449 ||| READING scroll of identify.
  3449 | D:5      | 3449 ||| IDENTIFYING 3 scrolls labelled ACIPLU YPOJ
  3450 | D:5      | 3450 ||| READING 3 scrolls of enchant armour.
  3450 | D:5      | 3450 ||| ENCHANTING +0 pair of gloves.
  3451 | D:5      | 3451 ||| READING 2 scrolls of enchant armour.
  3451 | D:5      | 3451 ||| ENCHANTING +1 pair of gloves.
  3452 | D:5      | 3452 ||| READING scroll of enchant armour.
  3452 | D:5      | 3452 ||| ENCHANTING +0 robe of fire resistance.
  3453 | D:5      | 3453 ||| DROPPING potion of attraction.
  3514 | D:6      | 3514 ||| FLEEEEING.
  3536 | D:6      | 3536 ||| READING scroll of acquirement.
  3536 | D:6      | 3536 ||| ACQUIRING +1 pair of gloves of Defiance {rC+++
                  | Will- Stlth-}
  3536 | D:6      | Acquired the +1 pair of gloves of Defiance {rC+++ Will-
                  | Stlth-}
  3538 | D:6      | 3538 ||| UPGRADING to +1 pair of gloves of Defiance {rC+++
                  | Will- Stlth-}.
  3548 | D:6      | 3548 ||| DROPPING +2 pair of gloves.
  3608 | D:6      | Noticed Blork the orc
  3622 | D:6      | Killed Blork the orc
  3729 | D:6      | Reached XP level 8. HP: 63/63 MP: 10/10
  3814 | D:6      | Reached skill level 8 in Ranged Weapons
  3945 | D:6      | 3945 ||| RETREEEEATING.
  3946 | D:6      | 3946 ||| RETREEEEATING.
  3978 | D:6      | Reached skill level 9 in Ranged Weapons
  4049 | D:6      | 4049 ||| DROPPING +0 ring mail.
  4050 | D:6      | 4050 ||| UPGRADING to +2 ring mail of fire resistance.
  4060 | D:6      | 4060 ||| DROPPING +1 robe of fire resistance.
  4271 | D:6      | 4271 ||| DRINKING 2 potions of curing.
  4271 | D:6      | 4271 ||| (to cure confusion)
  4609 | D:7      | Reached XP level 9. HP: 61/74 MP: 11/11
  4668 | D:7      | 4668 ||| SWAPPING to +0 orcbow.
  4669 | D:7      | 4669 ||| DROPPING +1 shortbow.
  4726 | D:7      | 4726 ||| RETREEEEATING.
  4729 | D:7      | 4729 ||| RETREEEEATING.
  4730 | D:7      | 4730 ||| RETREEEEATING.
  4736 | D:7      | HP: 17/74 [killer bee (4)]
  4737 | D:7      | 4737 ||| READING 2 scrolls of teleportation.
  4737 | D:7      | HP: 8/74 [poisoned by a killer bee]
  4738 | D:7      | Slain by a killer bee

Levels and vault maps discovered:
D:1:      minmay_arrival_stair_chambers, layout_loops_ring, serial_shops,
          nicolae_shop_pleasant_corner_grove, chequers_big_river
D:2:      layout_basic, basic_altar
D:3:      layout_loops_ring, serial_shops, shop, minmay_misc_feat_x,
          nicolae_figureground_sparkle, uniq_sigmund
D:4:      layout_gridville, good_gods_mini_temple,
          mainiacjoe_overflow_boulevard, makhleb_altar_promises_db,
          kennysheep_mini, solitary_fountain, uniq_robin
D:5:      layout_loops_ring, mainiacjoe_overflow_24_doors, serial_shops,
          nicolae_shop_trees
D:6:      layout_loops_corners, minmay_door_square, roadster_capsule_ark_zombie,
          uniq_blork_the_orc
D:7:      layout_gridville, minmay_temple_entry_glass

Skill      XL: |  1  2  3  4  5  6  7  8 |
---------------+-------------------------+-----
Ranged Weapons | 4 5 6 7 9 |  9.5
Fighting       | 2 3 5 |  5.0
Armour         | 3 |  3.6
Dodging        | 2 4 5 |  5.0
Stealth        | |  0.8

Action                     |  1- 3 |  4- 6 |  7- 9 || total
---------------------------+-------+-------+-------++-------
   Fire: Shortbow          |   138 |   152 |   272 ||   562
         Orcbow            |       |       |    24 ||    24
    Use: Scroll            |     9 |     7 |     8 ||    24
         Potion            |     1 |       |     1 ||     2
 Armour: Leather armour    |    15 |       |       ||    15
         Ring mail         |    27 |    61 |    55 ||   143
         Robe              |       |       |    52 ||    52
  Dodge: Dodged            |    53 |    85 |   147 ||   285

Table legend:
 A = Non-vault XP
 B = Vault XP
 C = Vault XP percentage of total XP
 D = Non-vault monster count
 E = Vault monster count
 F = Vault count percentage of total count
                 A         B        C        D         E       F
            +---------+---------+-------+---------+---------+-------
      Total |    2750 |     976 |  26.2 |     133 |      28 |  17.4
            +---------+---------+-------+---------+---------+-------
        D:1 |      44 |       0 |   0.0 |      25 |       0 |   0.0
        D:2 |      51 |       0 |   0.0 |      12 |       0 |   0.0
        D:3 |      72 |     226 |  75.8 |       9 |       1 |  10.0
        D:4 |     404 |      34 |   7.8 |      27 |      11 |  28.9
        D:5 |     465 |       0 |   0.0 |      18 |       0 |   0.0
        D:6 |    1258 |     716 |  36.3 |      32 |      16 |  33.3
        D:7 |     456 |       0 |   0.0 |      10 |       0 |   0.0
            +---------+---------+-------+---------+---------+-------
